 Dungeon Crawl Stone Soup version 0.31-a0-1405-g2bb1a01664 (webtiles) character file.

Game seed: 16963682218849904310

1098 thriggle the Trooper (level 8, -6/61 HPs)
             Began as a Mummy Monk on Dec 26, 2023.
             Was a High Priest of Cheibriados.
             Mangled by Duvessa
             ... wielding a +0 short sword
              (8 damage)
             ... on level 5 of the Dungeon.
             The game lasted 00:21:53 (4684 turns).

thriggle the Trooper (Mummy Monk)                   Turns: 4684, Time: 00:21:53

Health: -6/61      AC:  9    Str: 28    XL:     8   Next: 10%
Magic:  2/13       EV: 15    Int: 25    God:    Cheibriados [*****.]
Gold:   205        SH:  0    Dex: 29    Spells: 7/14 levels left

rFire   x . .        a - +1 spear (flame)
rCold   + . .        (no shield)
rNeg    + + +        h - +0 leather armour
rPois   ∞            m - +0 helmet
rElec   .            j - +0 cloak
rCorr   .            (no gloves)
SInv    .            (no boots)
Will    +....        (no amulet)
Stlth   +            e - +4 ring of protection
HPRegen 0.30/turn    (no ring)
MPRegen 0.13/turn

%: faith
@: lit by a corona, glowing, very slow
A: cold resistance 1, negative energy resistance 3, torment resistance 2, heat
vulnerability 1, in touch with death 1, no potions, faith
a: Renounce Religion, Bend Time, Temporal Distortion, Slouch, Step From Time


You were on level 5 of the Dungeon.
You worshipped Cheibriados.
Cheibriados was extremely pleased with you.
You visited 1 branch of the dungeon, and saw 5 of its levels.
You also visited: Sewer.

You collected 205 gold pieces.

Inventory:

Hand Weapons
 a - a +1 spear of flaming (weapon)
 i - a +2 dagger of venom
Missiles
 f - 64 stones
 k - 2 boomerangs
 o - a curare-tipped dart
 r - 2 poisoned darts (quivered)
Armour
 b - a +0 robe
 c - an orb of light
 h - a +0 leather armour (worn)
 j - a +0 cloak (worn)
 m - a +0 helmet (worn)
Jewellery
 e - a +4 ring of protection (left hand)
Scrolls
 d - 3 scrolls of teleportation
 g - 2 scrolls of enchant weapon
 l - a scroll of identify
 n - a scroll of enchant armour {unknown}


   Skills:
 + Level 4.6 Fighting
 + Level 3.7 Polearms
 + Level 0.8 Throwing
 + Level 2.7 Armour
 + Level 3.6 Dodging
 * Level 3.0 Stealth
 + Level 3.6 Spellcasting
 + Level 0.2 Hexes
 + Level 2.1 Ice Magic
 + Level 1.8 Invocations


You had 7 spell levels left.
You knew the following spells:

 Your Spells              Type           Power      Damage    Failure   Level
a - Freeze                Ice            60%        1d7       4%          1
b - Frozen Ramparts       Ice            30%        1d5       13%         3
c - Confusing Touch       Hex            5%         N/A       28%         3

Your spell library contained the following spells:

 Spells                   Type           Power      Damage    Failure   Level
 Kiss of Death            Conj/Necr      24%        2d7       11%         1
 Hailstorm                Conj/Ice       10%        3d6       21%         3
 Dispel Undead            Necr           6%         3d8       71%         4


Dungeon Overview and Level Annotations

Branches:
Dungeon (5/15)              Sewer (visited)
 Temple: D:4-7

Altars:
Cheibriados
Nemelex Xobeh

Shops:
D:3 :

Annotations:
D:5 Duvessa


Innate Abilities, Weirdness & Mutations

You are immune to poison.
Your flesh is cold resistant. (rC+)
You are immune to negative energy. (rN+++)
You are immune to unholy pain and torment.
You are vulnerable to heat. (rF-)
You are in touch with the powers of death.
You do not drink.
You have a special connection with the divine. (Faith)


Message History

Activating: Slouch (43% risk of failure)
Press: ? - help, Dir - look around, f - activate You can feel time thicken for a moment.
You kill the iguana!
Cheibriados appreciates the change of pace.
Cheibriados raises the support of your attributes as your movement slows.
You kill Dowan!
Cheibriados appreciates the change of pace.
Duvessa weeps, and shakes her weapon.
Duvessa goes berserk!
Cheibriados lowers the support of your attributes as your movement quickens.
Duvessa misses you.
Your Stealth skill increases to level 3!
You hit Duvessa but do no damage.
Duvessa is almost dead.
Duvessa barely misses you.
A centaur comes into view.
Duvessa barely misses you.
Casting: Confusing Touch (dangerous; 28% risk of failure)
Confirm with . or Enter, or press ? or * to list all spells.
Aiming: Freeze (safe; 4% risk of failure)
Press: ? - help, Shift-Dir - straight line, f - Duvessa
Aim: Duvessa, wielding a +0 short sword and wearing a +2 ring mail of cold resistance (almost dead, berserk)
You freeze Duvessa.
Duvessa resists.
Duvessa is almost dead.
The centaur shouts!
Duvessa hits you with a +0 short sword.
* * * LOW HITPOINT WARNING * * *
Casting: Freeze (safe; 4% risk of failure)
Confirm with . or Enter, or press ? or * to list all spells.
Aiming: Freeze (safe; 4% risk of failure)
Press: ? - help, Shift-Dir - straight line, f/p - Duvessa
Aim: Duvessa, wielding a +0 short sword and wearing a +2 ring mail of cold resistance (almost dead, berserk)
You freeze Duvessa.
Duvessa resists.
Duvessa is almost dead.
Duvessa hits you with a +0 short sword.
* * * LOW HITPOINT WARNING * * *
The centaur wields a +0 shortbow.
The centaur shoots an arrow.
The arrow misses you. Duvessa hits you with a +0 short sword!
You die...

###......##...# ###.
######..#...# .....
##.#...# #...#
########†#...# ###....#
#............# #......#.
#...........#####.#......
#...................c....
##.#####.................
#.#####.......@†......##
#.............e.......#
##############..).....!.
#.......... #..........
#.......... ###........
....... ......


You could see Duvessa (berserk) and a centaur.

Vanquished Creatures
  Grinder (D:3)
  A wyvern (D:4)
  A water moccasin (D:5)
  A kobold brigand (Sewer)
  Dowan (D:5)
  A bombardier beetle (D:4)
  3 hounds
  2 iguanas (D:5)
  A sleepcap (D:5)
  4 gnolls (D:4)
  11 adders
  6 river rats
  4 worms
  A dart slug (D:3)
  5 orcs
  3 endoplasms
  6 giant cockroaches
  14 goblins
  13 hobgoblins
  21 kobolds
  2 quokkas
  14 ball pythons
  6 bats
  A frilled lizard (D:2)
  28 rats
151 creatures vanquished.

Notes
Turn   | Place    | Note
-------+----------+-------------------------------------------
     0 | D:1      | thriggle the Mummy Monk began the quest for the Orb.
     0 | D:1      | Reached XP level 1. HP: 18/18 MP: 1/1
   213 | D:1      | Reached XP level 2. HP: 23/24 MP: 2/2
   480 | D:1      | Reached skill level 1 in Spellcasting
   512 | D:1      | Found a faded altar of an unknown god.
   529 | D:1      | Prayed at the altar of an unknown god.
   529 | D:1      | Became a worshipper of Cheibriados the Contemplative
   529 | D:1      | Reached * piety under Cheibriados
   529 | D:1      | Reached ** piety under Cheibriados
  1114 | D:2      | Reached *** piety under Cheibriados
  1115 | D:2      | Reached XP level 3. HP: 29/29 MP: 4/4
  1746 | D:3      | Reached skill level 1 in Armour
  1746 | D:3      | Reached skill level 1 in Stealth
  1838 | D:3      | Reached XP level 4. HP: 35/35 MP: 6/6
  1845 | D:3      | Learned a level 1 spell: Freeze
  1966 | D:3      | Found Jopejub's Book Shop.
  2014 | D:3      | Learned a level 3 spell: Frozen Ramparts
  2183 | D:3      | Noticed Grinder
  2184 | D:3      | Paralysed by Grinder for 3 turns
  2192 | D:3      | Paralysed by Grinder for 4 turns
  2217 | D:3      | Killed Grinder
  2218 | D:3      | Reached skill level 1 in Ice Magic
  2218 | D:3      | Reached XP level 5. HP: 20/42 MP: 6/8
  2391 | D:3      | Reached **** piety under Cheibriados
  2392 | D:3      | Reached XP level 6. HP: 48/48 MP: 9/9
  2994 | D:4      | Found a glowing drain.
  2999 | Sewer    | Entered a sewer
  3019 | Sewer    | Reached skill level 4 in Fighting
  3055 | Sewer    | Reached ***** piety under Cheibriados
  3376 | Sewer    | Reached XP level 7. HP: 53/54 MP: 11/11
  3784 | D:4      | Noticed a wyvern
  3800 | D:4      | HP: 1/54 [wyvern (4)]
  3804 | D:4      | Killed a wyvern
  3805 | D:4      | Reached skill level 1 in Invocations
  4269 | D:4      | Found a sparkling altar of Nemelex Xobeh.
  4516 | D:5      | Entered Level 5 of the Dungeon
  4597 | D:5      | Reached XP level 8. HP: 55/61 MP: 13/13
  4624 | D:5      | Noticed Dowan
  4643 | D:5      | Learned a level 3 spell: Confusing Touch
  4659 | D:5      | Noticed Duvessa
  4681 | D:5      | Reached ****** piety under Cheibriados
  4681 | D:5      | Killed Dowan
  4684 | D:5      | HP: 2/61 [Duvessa/+0 short sword (5)]
  4684 | D:5      | Mangled by Duvessa

Illustrated notes

Levels and vault maps discovered:
D:1:      dpeg_arrival_three_bigger_balls, layout_basic, basic_ecumenical_altar
D:2:      layout_basic, serial_rivers, chequers_serial_rivers_room_b,
          chequers_serial_rivers_large_a, chequers_serial_rivers_micro_d,
          chequers_serial_rivers_marsh, chequers_serial_rivers_micro_d,
          nicolae_figureground_pulse
D:3:      cheibrodos_greedy_goblins, layout_basic, serial_shops, shop,
          minmay_increasing_density, uniq_grinder
D:4:      layout_basic, nemelex_diamond_rough_becter, lightli_sewer_entry_pipes
D:5:      layout_basic, uniq_eustachio, uniq_duvessa

Skill      XL: |  1  2  3  4  5  6  7  8 |
---------------+-------------------------+-----
Spellcasting   | 1 2 3 |  3.6
Armour         | 1 2 |  2.7
Stealth        | 1 2 3 |  3.0
Polearms       | 3 |  3.7
Dodging        | 3 |  3.6
Ice Magic      | 1 2 |  2.1
Fighting       | 4 |  4.6
Invocations    | 1 |  1.8
Throwing       | |  0.8
Hexes          | |  0.2

Action                     |  1- 3 |  4- 6 |  7- 9 || total
---------------------------+-------+-------+-------++-------
  Melee: Spear             |   132 |   283 |   155 ||   570
         Punch             |       |     2 |     2 ||     4
  Throw: Stone             |       |     2 |       ||     2
         Boomerang         |       |     2 |       ||     2
         Dart              |       |       |     5 ||     5
   Cast: Freeze            |       |     7 |     4 ||    11
         Frozen Ramparts   |       |       |     1 ||     1
         Confusing Touch   |       |       |     2 ||     2
 Invoke: Bend Time         |       |       |     1 ||     1
         Slouch            |       |       |     1 ||     1
    Use: Scroll            |     2 |       |     4 ||     6
   Stab: Sleeping          |     2 |     7 |     3 ||    12
         Confused          |       |       |     2 ||     2
 Armour: Robe              |    31 |       |       ||    31
         Leather armour    |    11 |   194 |    73 ||   278
  Dodge: Dodged            |    81 |   277 |   111 ||   469

Table legend: (Time is in decaauts)
 A = Elapsed time spent in this place.
 B = Non-inter-level travel time spent in this place.
 C = Inter-level travel time spent in this place.
 D = Time resting spent in this place.
 E = Time spent auto-exploring this place.
 F = Levels seen in this place.
 G = Mean time per level.
                   A        B        C        D        E       F      G
               +--------+--------+--------+--------+--------+-----+--------+
         Total |   6811 |   6553 |    258 |    366 |   4230 |   6 | 1135.2 |
       Dungeon |   5686 |   5428 |    258 |    273 |   3728 |   5 | 1137.2 |
         Sewer |   1124 |   1124 |      0 |     93 |    501 |   1 | 1124.0 |
               +--------+--------+--------+--------+--------+-----+--------+

Top non-repeatable levels by time:
     D:3: 1731 daAuts
     D:4: 1331 daAuts
     D:1: 1331 daAuts
   Sewer: 1124 daAuts
     D:2: 1052 daAuts
     D:5: 239 daAuts
